 Dungeon Crawl Stone Soup version 0.28.0-53-g5a82cb258f (webtiles) character file.

Game seed: 7652588492635229713

118 GigaChad the Covered (level 4, 0/40 HPs)
             Began as a Minotaur Fighter on Aug 19, 2022.
             Was a Plaything of Xom.
             Hit by a goblin thrown by Robin (1 damage)
             ... on level 2 of the Dungeon.
             The game lasted 00:09:38 (1804 turns).

GigaChad the Covered (Minotaur Fighter)             Turns: 1804, Time: 00:09:38

Health: 0/40       AC:  7    Str: 27    XL:     4   Next: 72%
Magic:  3/3        EV: 10    Int:  7    God:    Xom [..*...]
Gold:   87         SH:  4    Dex:  9    Spells: 3/3 levels left

rFire   . . .      SeeInvis .   a - +1 long sword
rCold   . . .      Faith    .   c - +0 buckler
rNeg    . . .      Spirit   .   b - +0 scale mail
rPois   .          Reflect  .   (helmet restricted)
rElec   .          Harm     .   (no cloak)
rCorr   .          Rampage  .   (no gloves)
Will    .....                   (no boots)
Stlth   ..........              (no amulet)
HPRegen 0.13/turn               h - +6 ring of strength
MPRegen 0.08/turn               (no ring)

@: no status effects
A: horns 2, retaliatory headbutt
a: Renounce Religion


You were on level 2 of the Dungeon.
You worshipped Xom.
You were a toy of Xom.
You visited 1 branch of the dungeon, and saw 2 of its levels.

You collected 87 gold pieces.

Inventory:

Hand Weapons
 a - a +1 long sword (weapon)
Armour
 b - a +0 scale mail (worn)
 c - a +0 buckler (worn)
Jewellery
 h - a +6 ring of strength (left hand)
Scrolls
 e - a scroll of teleportation {unknown}
 g - a scroll of fear {unknown}
Potions
 d - a potion of might
 f - a potion of invisibility {unknown}


   Skills:
 + Level 4.1 Fighting
 + Level 3.8 Long Blades
 + Level 4.7 Armour
 + Level 1.1 Dodging
 + Level 0.2 Stealth
 + Level 4.2 Shields


You had 3 spell levels left.
You didn't know any spells.
Your spell library contained the following spells:

 Spells                   Type           Power      Damage    Failure   Level
 Freeze                   Ice            0%         1d3       78%         1
 Frozen Ramparts          Ice            0%         1d2       98%         3
 Hailstorm                Conj/Ice       0%         3d3       100%        4


Dungeon Overview and Level Annotations

Branches:
Dungeon (2/15)

Altars:
Xom

Annotations:
D:2 Robin


Innate Abilities, Weirdness & Mutations

You have a pair of horns on your head.
You reflexively headbutt those who attack you in melee.


Message History

The rat bites you but does no damage.
Items here: ))) ††.
You slash the goblin!
You kill the goblin!
* * * LOW HITPOINT WARNING * * *
You feel very sick. You block the rat's attack. You block the goblin's attack.
* * * LOW HITPOINT WARNING * * *
You feel sick. The rat bites you but does no damage.
Things that are here:
a +0 club; a goblin corpse
* * * LOW HITPOINT WARNING * * *
You feel sick.
The goblin no longer looks unusually strong.
The goblin hits you but does no damage.
* * * LOW HITPOINT WARNING * * *
You feel sick.
The goblin no longer looks unusually strong. x2
Robin roars a battlecry!
The goblins go into a battle-frenzy!
You hit the goblin.
You kill the goblin!
* * * LOW HITPOINT WARNING * * *
You feel sick.
Robin roars a battlecry!
* * * LOW HITPOINT WARNING * * *
You feel sick. The goblin completely misses you.
A hobgoblin comes into view.
Things that are here:
a +0 club; a goblin corpse You closely miss the goblin.
* * * LOW HITPOINT WARNING * * *
You feel sick.
You are no longer poisoned.
The hobgoblin shouts!
The hobgoblin no longer looks unusually strong.
The goblin barely misses you. You furiously retaliate!
You headbutt the goblin.
Robin's horned helmet rattles.
Robin throws the goblin at you!
You die...

### .... #####...g. #...g...gg
######rg# #.g@)gg.# #.####g.# ..
... #....#..# .. .......
############.#####..........
#...........................
#.......####.####.#..# #....
############.# #.# ##.##.###....
#..........#.# #.# #.......#....
#......)...#.####.###.......#....


You could see Robin, 2 hobgoblins, 3 goblins and a rat.

Vanquished Creatures
  A gnoll (D:1)
  4 adders (D:2)
  3 dart slugs
  3 endoplasms
  11 goblins
  10 hobgoblins
  6 kobolds
  4 quokkas
  3 ball pythons
  9 bats
  3 frilled lizards
  3 rats (D:2)
60 creatures vanquished.

Notes
Turn   | Place    | Note
-------+----------+-------------------------------------------
     0 | D:1      | GigaChad the Minotaur Fighter began the quest for the Orb.
     0 | D:1      | Reached XP level 1. HP: 19/19 MP: 0/0
   250 | D:1      | Reached XP level 2. HP: 20/27 MP: 1/1
   655 | D:1      | Reached XP level 3. HP: 32/33 MP: 2/2
   906 | D:1      | Found a faded altar of an unknown god.
   926 | D:1      | Prayed at the altar of an unknown god.
   926 | D:1      | Became a worshipper of Xom of Chaos
  1199 | D:2      | Reached skill level 1 in Dodging
  1357 | D:2      | Reached XP level 4. HP: 39/40 MP: 3/3
  1489 | D:2      | XOM: 1-stop teleportation journey
  1786 | D:2      | Noticed Robin
  1802 | D:2      | HP: 2/40 [poisoned by a goblin]
  1804 | D:2      | Hit by a goblin thrown by Robin

Illustrated notes

Levels and vault maps discovered:
D:1:      ncdulo_lavacross, layout_loops_cross, nicolae_ecumenical_lake_church,
          wad_floor_pattern_1, corexii_item_surrounded_by_moat
D:2:      minmay_chambers_of_twos, layout_basic, st_stairs_2,
          minmay_misc_feat_columns, uniq_sigmund, uniq_natasha, uniq_robin

Skill      XL: |  1  2  3 |
---------------+----------+-----
Armour         | 4 |  4.7
Shields        | 4 |  4.2
Fighting       | 4 |  4.1
Long Blades    | 3 |  3.8
Dodging        | 1 |  1.1
Stealth        | |  0.2

Action                   |  1- 3 |  4- 6 || total
-------------------------+-------+-------++-------
Melee: Long sword        |    83 |    36 ||   119
       Headbutt          |    11 |     2 ||    13
  Use: Scroll            |     2 |       ||     2
Armor: Scale mail        |    78 |    37 ||   115
Dodge: Dodged            |    92 |    21 ||   113
Block: Buckler           |    35 |    12 ||    47
